 Dungeon Crawl Stone Soup version 0.20.0-6-gd3061e9 (webtiles) character file.

23252 nikopol the Cleaver (level 13, -8/126 HPs)
             Began as a Gargoyle Berserker on May 28, 2017.
             Was a High Priest of Trog.
             Mangled by a death yak (15 damage)
             ... on level 4 of the Lair of Beasts.
             The game lasted 00:42:16 (16177 turns).

nikopol the Cleaver (Gargoyle Berserker)           Turns: 16177, Time: 00:42:17

Health: -8/126     AC: 30    Str: 29    XL:     13   Next: 5%
Magic:  13/13      EV: 11    Int:  8    God:    Trog [*****.]
Gold:   779        SH:  0    Dex: 14    Spells: 12/12 levels left

rFire    + . .     SeeInvis .   a - +0 war axe
rCold    + . .     Gourm    .   (no shield)
rNeg     + . .     Faith    .   f - +0 chain mail
rPois    ∞         Spirit   .   H - +1 helmet
rElec    +         Reflect  .   X - +0 cloak
rCorr    .         Harm     .   b - +2 pair of gloves {Dex+3}
MR       .....                  s - +1 pair of boots
Stlth    ..........             (no amulet)
Regen    0.4/turn               j - ring of protection from cold
MPRegen  0.2/turn               i - ring of protection from fire

@: berserking, very quick
A: negative energy resistance 1, electricity resistance, unbreathing,
petrification resistance, rot immunity, AC +9
a: Berserk, Trog's Hand, Brothers in Arms, Burn Spellbooks, Renounce Religion


You were on level 4 of the Lair of Beasts.
You worshipped Trog.
Trog was extremely pleased with you.
You were hungry.

You visited 2 branches of the dungeon, and saw 13 of its levels.

You collected 779 gold pieces.

Inventory:

Hand Weapons
 a - a +0 war axe (weapon)
 g - a +2 dire flail of protection
 z - a +1 shortbow
 C - a +1 flail of crushing
Missiles
 y - 164 arrows (quivered)
Armour
 b - a +2 pair of gloves of dexterity (worn)
 f - a +0 chain mail (worn)
 n - a +0 pair of gloves
 s - a +1 pair of boots (worn)
 t - a +2 plate armour of fire resistance
 H - a +1 helmet (worn)
 X - a +0 cloak (worn)
Jewellery
 e - an uncursed ring of poison resistance {unknown}
 i - a ring of protection from fire (right hand)
 j - a ring of protection from cold (left hand)
 S - an uncursed ring of flight
Scrolls
 k - 3 scrolls of teleportation
 l - a scroll of enchant armour
 m - a scroll of brand weapon {unknown}
 p - 3 scrolls of identify
 w - 2 scrolls of magic mapping
 D - a scroll of remove curse
 Q - a scroll of recharging
Potions
 d - a potion of brilliance
 h - 2 potions of haste
 q - a potion of ambrosia {unknown}
 F - 4 potions of curing
 I - 3 potions of might
 J - 3 potions of berserk rage {unknown}
 K - 2 potions of mutation {unknown}
 L - 4 potions of flight
 T - a potion of magic {unknown}
 V - 2 potions of agility
Comestibles
 c - 6 bread rations
 o - a chunk of flesh
 r - 5 royal jellies
 A - 5 meat rations
 N - 13 fruits


   Skills:
 + Level 11.0 Fighting
 + Level 12.3 Axes
 - Level 2.1(9.0) Maces & Flails
 + Level 9.7 Bows
 + Level 9.9 Armour
 + Level 3.8 Dodging
 + Level 2.2 Stealth


You had 12 spell levels left.
You didn't know any spells.

Dungeon Overview and Level Annotations

Branches:
Dungeon (9/15)             Temple (0/1) D:7            Lair (4/6) D:9
 Shoals (0/4) Lair:2        Snake (0/4) Lair:3
    Orc: D:9-12

Altars:
The Shining One

Shops:
D:8 *


Innate Abilities, Weirdness & Mutations

You are resistant to torment.
Your stone body is resilient. (AC +9)
You are immune to poison.
You resist negative energy. (rN+)
You are resistant to electric shocks. (rElec)
You can survive without breathing.
You are immune to petrification.
You are immune to rotting.


Message History

The death yak is moderately wounded.
You hit the death yak but do no damage.
The death yak is moderately wounded.
The death yak gores you.
* * * LOW HITPOINT WARNING * * *
You barely miss the death yak.
The death yak is moderately wounded.
You slash the death yak!
The death yak is moderately wounded.
The death yak gores you!
* * * LOW HITPOINT WARNING * * *
You hit the death yak.
The death yak is heavily wounded.
The death yak gores you but does no damage.
You slice the death yak!!
The death yak is severely wounded.
You hit the death yak but do no damage.
The death yak is severely wounded.
The death yak gores you!
You die...

.........................
.........................
............)............
.........................
.###...P.....##.#####...
##.#...#......##
.##......#...##........
(......Y##...##......#.
(..(...†@#...##.....##
..#..(..†....#......#
?.......##.....#.P###
.##.##.###...#....# # ##
.......... .........
.#.###P#. ## ## ##


You could see a death yak.

Vanquished Creatures
  Fannar (Lair:3)
  3 hydras
  The ghost of Terandir the Cleaver, a novice MiFi (D:8)
  A two-headed ogre (D:9)
  2 death yaks
  A torpor snail (Lair:2)
  Maurice (D:8)
  13 spiny frogs
  3 komodo dragons
  3 blink frogs (Lair:3)
  A troll (D:9)
  A polar bear (Lair:3)
  4 hippogriffs
  Sigmund (D:5)
  2 wyverns
  2 basilisks
  A steam dragon (D:9)
  20 yaks
  2 nagas (Lair:3)
  6 water moccasins
  2 sky beasts
  7 porcupines
  6 ice beasts
  4 orc warriors
  5 ogres
  3 phantoms
  7 centaurs
  7 crocodiles
  A big kobold (D:8)
  7 bullfrogs
  A gnoll sergeant (D:7)
  A wyvern zombie (D:9)
  A scorpion (D:6)
  5 killer bees (D:7)
  4 howler monkeys
  7 wights
  3 crimson imps
  7 hounds
  3 jellies
  A centaur skeleton (D:4)
  10 orc priests
  A bullfrog skeleton (D:6)
  4 iguanas
  10 orc wizards
  12 worker ants
  2 mummies
  A worker ant zombie (D:9)
  6 gnolls
  12 adders
  A howler monkey skeleton (D:7)
  4 shadow imps
  An ooze (D:3)
  An adder zombie (D:7)
  2 worms
  An adder skeleton (D:4)
  3 dart slugs
  9 leopard geckos
  26 orcs
  7 bats
  5 giant cockroaches
  6 goblins
  13 hobgoblins
  3 jackals (D:5)
  5 quokkas
  A ball python (D:7)
  7 frilled lizards
  11 kobolds
  2 kobold zombies (D:5)
  A leopard gecko skeleton (D:4)
  2 orc zombies (D:5)
  A quokka skeleton (D:6)
  10 rats
  2 fungi
  5 plants (Lair:2)
  A withered plant (D:8)
339 creatures vanquished.

Vanquished Creatures (others)
  A crimson imp (D:5)
  2 fungi (Lair:2)
  2 plants (Lair:2)
5 creatures vanquished.

Grand Total: 344 creatures vanquished

Notes
Turn   | Place    | Note
-------+----------+-------------------------------------------
     0 | D:1      | nikopol the Gargoyle Berserker began the quest for the Orb.
     0 | D:1      | Reached XP level 1. HP: 14/14 MP: 1/1
   146 | D:1      | Reached XP level 2. HP: 18/19 MP: 2/2
   168 | D:1      | Reached skill level 3 in Axes
   588 | D:1      | Reached XP level 3. HP: 24/24 MP: 3/3
   963 | D:2      | Reached XP level 4. HP: 12/29 MP: 4/4
  1572 | D:2      | Reached ** piety under Trog
  1950 | D:3      | Reached skill level 4 in Axes
  1950 | D:3      | Reached XP level 5. HP: 31/33 MP: 5/5
  2158 | D:3      | Reached XP level 6. HP: 20/38 MP: 6/6
  2800 | D:4      | Reached skill level 5 in Axes
  3355 | D:4      | Reached XP level 7. HP: 41/44 MP: 7/7
  3421 | D:4      | Reached skill level 1 in Stealth
  3882 | D:5      | Entered Level 5 of the Dungeon
  3887 | D:5      | Reached skill level 6 in Axes
  3899 | D:5      | Reached skill level 5 in Fighting
  3899 | D:5      | Reached skill level 5 in Armour
  3899 | D:5      | Reached XP level 8. HP: 13/49 MP: 8/8
  4230 | D:5      | Reached *** piety under Trog
  4703 | D:5      | Noticed Sigmund
  4745 | D:5      | Killed Sigmund
  4745 | D:5      | Reached skill level 7 in Axes
  4745 | D:5      | Reached skill level 1 in Bows
  5458 | D:6      | Reached XP level 9. HP: 40/55 MP: 9/9
  5605 | D:6      | Found a glowing golden altar of the Shining One.
  5940 | D:7      | Reached skill level 8 in Axes
  5964 | D:7      | Found a staircase to the Ecumenical Temple.
  5991 | D:7      | Reached **** piety under Trog
  7144 | D:7      | Received a gift from Trog
  7356 | D:8      | Noticed Terandir's ghost (novice MiFi)
  7359 | D:8      | Reached skill level 9 in Axes
  7377 | D:8      | Reached XP level 10. HP: 63/63 MP: 10/10
  7938 | D:8      | Killed Terandir's ghost
  8233 | D:8      | Noticed Maurice
  8272 | D:8      | Reached skill level 5 in Bows
  8278 | D:8      | Killed Maurice
  8802 | D:8      | Reached skill level 10 in Axes
  8804 | D:8      | Reached ***** piety under Trog
  8924 | D:8      | Found Kyimyaru's Assorted Antiques.
  9169 | D:9      | Received a gift from Trog
  9451 | D:9      | Noticed a two-headed ogre
  9460 | D:9      | Killed a two-headed ogre
  9460 | D:9      | Reached XP level 11. HP: 69/69 MP: 11/11
  9832 | D:9      | Received a gift from Trog
 10162 | D:9      | Found a staircase to the Lair.
 10453 | Lair:1   | Entered Level 1 of the Lair of Beasts
 10582 | D:9      | Received a gift from Trog
 10763 | Lair:1   | Reached skill level 11 in Axes
 11751 | Lair:2   | Identified a scroll of acquirement
 11921 | Lair:2   | Noticed a four-headed hydra
 11954 | Lair:2   | Killed a four-headed hydra
 12078 | Lair:2   | Found a staircase to the Shoals.
 12086 | Lair:2   | Reached skill level 1 in Maces & Flails
 12456 | Lair:2   | Reached XP level 12. HP: 67/77 MP: 12/12
 12817 | Lair:2   | Reached skill level 10 in Fighting
 13833 | Lair:3   | Noticed a four-headed hydra
 13844 | Lair:3   | Killed a four-headed hydra
 13978 | Lair:3   | Found a staircase to the Snake Pit.
 14128 | Lair:3   | Noticed a death yak
 14129 | Lair:3   | Noticed a death yak
 14176 | Lair:2   | Killed a death yak
 14569 | Lair:3   | Noticed Fannar
 14805 | Lair:3   | Killed Fannar
 15048 | Lair:3   | Killed a death yak
 15048 | Lair:3   | Reached skill level 12 in Axes
 15118 | Lair:3   | Noticed an eight-headed hydra
 15226 | Lair:3   | Killed an eight-headed hydra
 15676 | Lair:3   | Reached XP level 13. HP: 60/84 MP: 13/13
 16177 | Lair:4   | Mangled by a death yak

Skill      XL: |  1  2  3  4  5  6  7  8  9 10 11 12 13 |
---------------+----------------------------------------+-----
Axes           | 3 4 5 6 7 9 10 11 12 | 12.3
Dodging        | 2 3 |  3.8
Fighting       | 4 5 7 8 9 10 11 | 11.0
Armour         | 3 4 5 6 7 8 9 |  9.9
Stealth        | 1 2 |  2.2
Bows           | 2 4 6 8 9 |  9.7
Maces & Flails | 1 2 |  2.1

Action                   |  1- 3 |  4- 6 |  7- 9 | 10-12 | 13-15 || total
-------------------------+-------+-------+-------+-------+-------++-------
Melee: Hand axe          |    96 |   199 |       |       |       ||   295
       War axe           |       |    44 |   405 |   662 |    35 ||  1146
       Dire flail        |       |       |       |    23 |       ||    23
       Shortbow          |       |       |       |     2 |       ||     2
 Fire: Shortbow          |       |       |   120 |   360 |    20 ||   500
Invok: Berserk           |       |     1 |     7 |    11 |     1 ||    20
       Burn Spellbooks   |       |       |       |     4 |       ||     4
  Use: Scroll            |       |       |       |    23 |       ||    23
  Eat: Chunk             |       |     9 |    19 |    36 |     2 ||    66
       Fruit             |       |       |       |     3 |       ||     3
Armor: Chain mail        |    64 |   155 |   303 |   534 |    25 ||  1081
       Animal skin       |     1 |       |       |       |       ||     1
Dodge: Dodged            |    46 |   114 |   208 |   326 |    15 ||   709
